 Dungeon Crawl Stone Soup version 0.28.0-43-g3370ac3207 (webtiles) character file.

Game seed: 5946312714503185207

2 pkoi the Chiller (level 1, 0/11 HPs)
             Began as an Octopode Ice Elementalist on Mar 17, 2022.
             Slain by a quokka (4 damage)
             ... on level 1 of the Dungeon.
             The game lasted 00:00:09 (167 turns).

pkoi the Chiller (Octopode Ice Elementalist)         Turns: 167, Time: 00:00:10

Health: 0/11       AC:  1    Str:  7    XL:     1   Next: 40%
Magic:  3/3        EV: 13    Int: 17    God:
Gold:   0          SH:  0    Dex: 12    Spells: 3/4 levels left

rFire   . . .      SeeInvis .   (no weapon)
rCold   . . .      Faith    .   (no shield)
rNeg    . . .      Spirit   .   (helmet restricted)
rPois   .          Reflect  .   (no amulet)
rElec   .          Harm     .   (no ring)
rCorr   .          Rampage  .   (no ring)
Will    .....                   (no ring)
Stlth   +++.......              (no ring)
HPRegen 0.03/turn               (no ring)
MPRegen 0.08/turn               (no ring)
                                (no ring)
                                (no ring)

@: no status effects
A: almost no armour, amphibious, 8 rings, camouflage 1, gelatinous body 1,
(nimble swimmer 1), tentacles
a: no special abilities


You were on level 1 of the Dungeon.
You visited 1 branch of the dungeon, and saw 1 of its levels.

Inventory:

Potions
 a - a potion of flight {unknown}


   Skills:
 - Level 2.0 Dodging
 - Level 2.6 Stealth
 - Level 2.0 Spellcasting
 + Level 4.1 Ice Magic


You had 3 spell levels left.
You knew the following spells:

 Your Spells              Type           Power      Damage    Failure   Level
a - Freeze                Ice            60%        1d8       3%          1

Your spell library contained the following spells:

 Spells                   Type           Power      Damage    Failure   Level
 Frozen Ramparts          Ice            30%        1d5       11%         3
 Ozocubu's Armour         Ice            15%        N/A       11%         3
 Hailstorm                Conj/Ice       8%         3d4       63%         4


Dungeon Overview and Level Annotations

Branches:
Dungeon (1/15)

Altars:


Innate Abilities, Weirdness & Mutations

You cannot wear most types of armour.
You are amphibious.
You can wear up to eight rings at the same time.
Your skin changes colour to match your surroundings (Stealth+).
Your rubbery body absorbs attacks. (AC +1, EV +1)
((You are camouflaged when in or above water. (Stealth+)))
You have tentacles for arms and can constrict up to eight enemies at once.


Message History

You freeze the ball python!
You kill the ball python!
The jackal barely misses you. The jackal misses you.
You freeze the jackal.
You kill the jackal!
You can't see any susceptible monsters within range! (Use Z to cast anyway.) Magic restored.
You see here a jackal corpse.
a - a fuming emerald potion
Found a club.
You see here a +0 club.
Found 19 stones.
A quokka comes into view.
You see here a +0 club.
There are no items here.
You miss the quokka. Your grab misses the quokka. The quokka bites you.
You closely miss the quokka. Your grab misses the quokka. The quokka bites you.
* * * LOW HITPOINT WARNING * * *
You tentacle-slap the quokka but do no damage.
You grab the quokka.
You constrict the quokka, but do no damage.
The quokka completely misses you. The quokka barely misses you.
You tentacle-slap the quokka. You squeeze the quokka.
The quokka is almost dead.
You constrict the quokka, but do no damage.
The quokka misses you.
You tentacle-slap the quokka but do no damage.
The quokka is almost dead.
You constrict the quokka, but do no damage.
The quokka barely misses you.
You tentacle-slap the quokka but do no damage.
The quokka is almost dead.
You constrict the quokka, but do no damage.
The quokka bites you.
* * * LOW HITPOINT WARNING * * *
You tentacle-slap the quokka but do no damage.
The quokka is almost dead.
You constrict the quokka, but do no damage.
The quokka bites you.
You die...

#r........# # ###
#.........# #
#.###.........####
#.....##..##..##..
#..##.#........#..
#..##.............
#..##.............
#r.##.#....†...###
#@.##.#..>.....##
#..##...........#
#...............#
#..#..#........##
#..#..##..##..###
#.....##.######.#
##.##.##.# #.#
#.##.##.# #.#
#.......######.##


You could see a quokka.

Vanquished Creatures
  A ball python (D:1)
  A jackal (D:1)
2 creatures vanquished.

Notes
Turn   | Place    | Note
-------+----------+-------------------------------------------
     0 | D:1      | pkoi the Octopode Ice Elementalist began the quest for the
                  | Orb.
     0 | D:1      | Reached XP level 1. HP: 11/11 MP: 3/3
   167 | D:1      | Slain by a quokka

Illustrated notes

Levels and vault maps discovered:
D:1:      dpeg_arrival_tiny_a, layout_basic,
          dreamdust_ecumenical_altar_hidden_monk_grotto, st_stairs_5

Action                   || total
-------------------------++-------
Melee: Unarmed           ||     7
       Constrict         ||     1
       Tentacles         ||     1
 Cast: Freeze            ||     2
Dodge: Dodged            ||     7
